 Dungeon Crawl Stone Soup version 0.21-a0-156-g77413b7 (webtiles) character file.

314 CanOfBees the Skirmisher (level 6, -4/84 HPs)
             Began as a Draconian Berserker on Aug 3, 2017.
             Was a Priest of Trog.
             Killed from afar by rin1221's ghost (15 damage)
             ... with a puff of frost
             ... on level 4 of the Dungeon.
             The game lasted 00:07:54 (4504 turns).

CanOfBees the Skirmisher (Draconian Berserker)      Turns: 4504, Time: 00:07:54

Health: -4/84      AC:  7    Str: 27    XL:     6   Next: 19%
Magic:  6/6        EV: 13    Int:  7    God:    Trog [***...]
Gold:   179        SH:  0    Dex: 10    Spells: 5/5 levels left

rFire    + . .     SeeInvis .   c - +0 halberd
rCold    . . .     Gourm    .   (shield currently unavailable)
rNeg     . . .     Faith    .   (armour unavailable)
rPois    .         Spirit   .   (helmet restricted)
rElec    .         Reflect  .   (no cloak)
rCorr    .         Harm     .   q - +0 pair of gloves
MR       ++...                  (no boots)
Stlth    ..........             (no amulet)
HPRegen  1.24/turn              d - ring of protection from fire
MPRegen  0.10/turn              (no ring)

@: berserking, regenerating, very quick
A: unfitting armour, cold-blooded, AC +6
a: Berserk, Trog's Hand, Burn Spellbooks, Renounce Religion


You were on level 4 of the Dungeon.
You worshipped Trog.
Trog was most pleased with you.
You were hungry.

You visited 1 branch of the dungeon, and saw 4 of its levels.

You collected 179 gold pieces.

Inventory:

Hand Weapons
 a - a +0 falchion
 c - a +0 halberd (weapon)
 s - a +0 hunting sling
 z - a +0 trident
Missiles
 g - 60 stones (quivered)
 p - 16 sling bullets
Armour
 q - a +0 pair of gloves (worn)
Jewellery
 d - a ring of protection from fire (left hand)
Scrolls
 e - a scroll of identify
 i - a scroll of fear {unknown}
 k - 2 scrolls of noise
 l - 2 scrolls of immolation {unknown}
 m - 4 scrolls of remove curse
 o - 2 scrolls of enchant weapon {unknown}
 u - a scroll of recharging {unknown}
 x - a scroll of blinking {unknown}
Potions
 h - 2 potions of curing
 n - a potion of brilliance {unknown}
 t - a potion of flight {unknown}
 w - a potion of haste {unknown}
Comestibles
 b - 2 bread rations
 f - 3 meat rations
 j - 4 royal jellies
 r - 7 fruits
 v - 4 chunks of flesh


   Skills:
 + Level 5.1 Fighting
 - Level 4.1 Long Blades
 * Level 2.0 Polearms
 + Level 0.8 Throwing
 + Level 4.0 Dodging


You had 5 spell levels left.
You didn't know any spells.

Dungeon Overview and Level Annotations

Branches:
Dungeon (4/15)
 Temple: D:4-7

Altars:

Annotations:
D:4 rin1221's ghost, amateur DEIE


Innate Abilities, Weirdness & Mutations

Your plain brown scales are hard. (AC +6)
You cannot fit into any form of body armour.
You are cold-blooded and may be slowed by cold attacks.


Message History

Rin1221's ghost casts a spell at you. The puff of frost hits you!
A red film seems to cover your vision as you go berserk!
You feel yourself moving faster!
You feel mighty!
You are feeling hungry.
Rin1221's ghost casts a spell at you. The puff of frost hits you!
* * * LOW HITPOINT WARNING * * *
You completely miss rin1221's ghost.
Rin1221's ghost is lightly damaged.
Rin1221's ghost hits you.
* * * LOW HITPOINT WARNING * * *
You hit rin1221's ghost.
Rin1221's ghost is lightly damaged.
Rin1221's ghost barely misses you.
You slash rin1221's ghost!
Rin1221's ghost is heavily damaged.
Rin1221's ghost points at you and mumbles some strange words.
The puff of frost hits you!
You die...

##### ###...###### #########
###.......... ........#######
..........############........
.........()5W@....# #.....<..
.....(((..#######)# #.#######
.......!.## #.# #.# ........##
#.# #.# ...####.# #.# #.# ..
#.# #.# #.# # #.# #.# #.# #
#.# #.# #.# # #.# #.# #


You could see rin1221's ghost and a crimson imp.

Vanquished Creatures
  An ogre (D:4)
  A hound skeleton (D:3)
  3 gnolls
  6 adders
  An adder zombie (D:1)
  2 dart slugs
  3 worms
  6 leopard geckos
  5 orcs
  A bat zombie (D:1)
  5 giant cockroaches
  12 goblins
  5 hobgoblins
  15 jackals
  2 quokkas
  A ball python skeleton (D:4)
  9 bats
  3 frilled lizards
  13 kobolds
  8 rats
102 creatures vanquished.

Notes
Turn   | Place    | Note
-------+----------+-------------------------------------------
     0 | D:1      | CanOfBees the Draconian Berserker began the quest for the Orb.
     0 | D:1      | Reached XP level 1. HP: 19/19 MP: 1/1
   179 | D:1      | Reached XP level 2. HP: 26/26 MP: 2/2
   925 | D:1      | Reached XP level 3. HP: 33/33 MP: 3/3
  1478 | D:2      | Reached ** piety under Trog
  1677 | D:2      | Reached skill level 4 in Fighting
  1911 | D:2      | Reached XP level 4. HP: 40/40 MP: 4/4
  3426 | D:3      | Reached XP level 5. HP: 40/47 MP: 5/5
  3492 | D:3      | Reached *** piety under Trog
  3562 | D:3      | Reached skill level 1 in Polearms
  4358 | D:4      | Reached skill level 5 in Fighting
  4469 | D:4      | Noticed an ogre
  4475 | D:4      | Killed an ogre
  4475 | D:4      | Reached XP level 6. HP: 56/56 MP: 6/6
  4479 | D:4      | Noticed rin1221's ghost (amateur DEIE)
  4504 | D:4      | Killed from afar by rin1221's ghost

Vault maps used:
D:1:      saegor_arrival_fortress, st_stairs_8
D:2:      first_bread, chequers_big_river
D:3:      kennysheep_generic_room_14
D:4:      hangedman_feature_mirror

Skill      XL: |  1  2  3  4  5 |
---------------+----------------+-----
Dodging        | 3 4 |  4.0
Fighting       | 4 5 |  5.1
Long Blades    | 4 |  4.1
Polearms       | 2 |  2.0
Throwing       | |  0.8

Action                   |  1- 3 |  4- 6 || total
-------------------------+-------+-------++-------
Melee: Falchion          |   119 |    51 ||   170
       Tailslap          |    11 |    17 ||    28
       Halberd           |       |   158 ||   158
 Fire: Hunting sling     |       |     1 ||     1
Throw: Stone             |    11 |     6 ||    17
       Javelin           |       |     5 ||     5
Invok: Berserk           |       |     2 ||     2
       Trog's Hand       |       |     1 ||     1
  Use: Scroll            |       |     2 ||     2
       Potion            |       |     1 ||     1
 Stab: Sleeping          |     2 |       ||     2
  Eat: Chunk             |     3 |     6 ||     9
       Royal jelly       |       |     2 ||     2
Armor: Skin              |    41 |    84 ||   125
Dodge: Dodged            |    89 |   197 ||   286
       Rpst.: Falchion   |    27 |    14 ||    41
